 Dungeon Crawl Stone Soup version 0.30-a0-883-g5ad918d77d (webtiles) character file.

Game seed: 4179294184350048532

1125 bmack86 the Chopper (level 8, 0/66 (70) HPs)
             Began as a Minotaur Fighter on Mar 18, 2023.
             Slain by Prince Ribbit (11 damage)
             ... on level 5 of the Dungeon.
             The game lasted 00:08:01 (3222 turns).

bmack86 the Chopper (Minotaur Fighter)              Turns: 3222, Time: 00:08:02

HP:   0/66 (70)     AC: 15    Str: 23    XL:     8   Next: 13%
MP:   7/7           EV:  6    Int:  5    God:
Gold: 278           SH:  5    Dex: 10    Spells: 7/7 levels left

rFire   + . .      SeeInvis .    l - +0 war axe
rCold   . . .      Faith    .    c - +0 buckler
rNeg    . . .      Spirit   .    s - +0 plate armour
rPois   .          Reflect  .    (helmet restricted)
rElec   .          Rampage  .    f - +2 cloak
rCorr   .                        (no gloves)
Will    .....                    (no boots) Stlth
                                 (no amulet)
HPRegen 0.31/turn                k - ring of protection from fire
MPRegen 0.10/turn                (no ring)

@: drained
A: horns 2, retaliatory headbutt
a: no special abilities


You were on level 5 of the Dungeon.
You visited 1 branch of the dungeon, and saw 5 of its levels.

You collected 278 gold pieces.

Inventory:

Hand Weapons
 a - a +0 heavy war axe
 l - a +0 war axe (weapon)
Missiles
 h - 2 atropa-tipped darts
 i - 12 poisoned darts
 j - 3 boomerangs (quivered)
Armour
 b - a +0 scale mail
 c - a +0 buckler (worn)
 f - a +2 cloak (worn)
 g - a +0 chain mail
 s - a +0 plate armour (worn)
Jewellery
 k - a ring of protection from fire (left hand)
Scrolls
 n - 2 scrolls of fog
 o - a scroll of teleportation {unknown}
 r - a scroll of torment {unknown}
Potions
 d - a potion of might
 e - 2 potions of magic
 m - 3 potions of heal wounds
 p - a potion of ambrosia {unknown}
 q - a potion of cancellation {unknown}
 t - 2 potions of haste


   Skills:
 + Level 5.9 Fighting
 * Level 7.1 Axes
 + Level 3.6 Throwing
 + Level 5.9 Armour
 + Level 5.8 Shields


You had 7 spell levels left.
You didn't know any spells.
Your spell library contained the following spells:

 Spells                   Type           Power      Damage    Failure   Level
 Slow                     Hex            0%         N/A       100%        1
 Ozocubu's Armour         Ice            0%         N/A       100%        3
 Freezing Cloud           Conj/Ice/Air   0%         6-21      100%        5
 Metabolic Englaciation   Hex/Ice        0%         N/A       100%        5
 Simulacrum               Ice/Necr       0%         N/A       100%        6
 Polar Vortex             Ice            0%         N/A       100%        9


Dungeon Overview and Level Annotations

Branches:
Dungeon (5/15)
 Temple: D:4-7

Altars:
Ashenzari
Gozag
Qazlal
Sif Muna
Trog
Xom

Shops:
D:3 :

Annotations:
D:5 Prince Ribbit


Innate Abilities, Weirdness & Mutations

You have a pair of horns on your head.
You reflexively headbutt those who attack you in melee.


Message History

The wight is severely damaged.
You hit the wight. You block the wight's attack.
The wight hits you with a +0 hand axe.
* * * LOW HITPOINT WARNING * * *
You feel drained.
Unknown command.
You hit the wight.
The wight is almost destroyed.
You hit the wight but do no damage. The wight hits you but does no damage.
The wight hits you with a +0 hand axe.
* * * LOW HITPOINT WARNING * * *
You barely miss the wight.
You headbutt the wight, but do no damage.
The wight is almost destroyed.
You hit the wight. The wight hits you with a +0 spear.
* * * LOW HITPOINT WARNING * * *
You feel drained. The wight hits you with a +0 hand axe.
* * * LOW HITPOINT WARNING * * *
The wight hits you but does no damage. You block the wight's attack.
You slash the wight!
You destroy the wight!
You closely miss the wight. You block the wight's attack.
Prince Ribbit comes into view.
You block the wight's attack.
You slash the wight!
The wight is almost destroyed.
The wight barely misses you.
You closely miss the wight.
You headbutt the wight, but do no damage.
The wight is almost destroyed.
The wight hits you but does no damage.
You closely miss the wight.
You headbutt the wight, but do no damage.
The wight is almost destroyed.
The wight hits you but does no damage. Prince Ribbit barely misses you.
You closely miss the wight.
The wight is almost destroyed.
You barely miss Prince Ribbit. The wight hits you but does no damage.
Prince Ribbit hits you!
You die...

### .#.... ......
#...... ##....... ######
####........
.....########.).........
###........[.##.zF......
######...####.@.......
##..## #.)....>..# #..##
#.......### ##..#
##..###.# ##..## ####
#.# #..## ..# ##.### .
####....# #....<..#


You could see Prince Ribbit and a wight.

Vanquished Creatures
  Grinder (D:3)
  A water moccasin (D:5)
  An ice beast (D:5)
  2 ogres
  2 scorpions
  4 wights (D:5)
  A jelly (D:4)
  5 gnolls (D:3)
  6 adders
  A white imp (D:3)
  2 ufetubi
  A dart slug (D:2)
  6 orcs
  2 endoplasms
  3 giant cockroaches
  3 goblins
  9 hobgoblins
  3 jackals (D:4)
  6 kobolds
  5 quokkas
  9 ball pythons
  A bat (D:1)
  3 frilled lizards (D:2)
  8 rats
85 creatures vanquished.

Notes
Turn   | Place    | Note
-------+----------+-------------------------------------------
     0 | D:1      | bmack86 the Minotaur Fighter began the quest for the Orb.
     0 | D:1      | Reached XP level 1. HP: 19/19 MP: 0/0
    99 | D:1      | Found a faded altar of an unknown god.
   126 | D:1      | Reached XP level 2. HP: 27/27 MP: 1/1
   548 | D:2      | Reached skill level 3 in Axes
   608 | D:2      | Identified the +3 scimitar of Kismet {distort, rPois}
   711 | D:2      | Reached XP level 3. HP: 31/33 MP: 2/2
  1054 | D:3      | Reached skill level 1 in Throwing
  1103 | D:3      | Found a shimmering blue altar of Sif Muna.
  1126 | D:3      | Got Sif Muna's Vellum of Hexing
  1148 | D:3      | Found a bloodstained altar of Trog.
  1186 | D:3      | Found Suofid's Book Shop.
  1257 | D:3      | Found a broken altar of Ashenzari.
  1354 | D:3      | Found a shimmering altar of Xom.
  1445 | D:3      | Reached XP level 4. HP: 40/40 MP: 3/3
  1445 | D:3      | Noticed Grinder
  1453 | D:3      | Found an opulent altar of Gozag.
  1460 | D:3      | Killed Grinder
  1461 | D:3      | Reached skill level 4 in Axes
  1461 | D:3      | Reached XP level 5. HP: 11/47 MP: 4/4
  1461 | D:3      | Reached XP level 6. HP: 12/53 MP: 5/5
  1702 | D:3      | Reached skill level 5 in Axes
  2188 | D:4      | Found a stormy altar of Qazlal.
  2306 | D:4      | Reached skill level 5 in Fighting
  2306 | D:4      | Reached skill level 5 in Armour
  2387 | D:4      | Reached skill level 5 in Shields
  2387 | D:4      | Reached XP level 7. HP: 52/61 MP: 6/6
  2752 | D:5      | Entered Level 5 of the Dungeon
  2857 | D:5      | Reached skill level 6 in Axes
  3203 | D:5      | Reached XP level 8. HP: 41/70 MP: 7/7
  3205 | D:5      | Reached skill level 7 in Axes
  3218 | D:5      | Noticed Prince Ribbit
  3222 | D:5      | Slain by Prince Ribbit

Illustrated notes

Levels and vault maps discovered:
D:1:      minmay_arrival_radiant_lines, layout_rooms,
          chequers_ecumenical_altar_simple
D:2:      layout_rooms, ebering_dispersal_statue_hall
D:3:      layout_loops_cross, nzn_overflow_gifts_of_might_and_magic,
          lemuel_round_altar, cheibrodos_ashenzari_chains, lemuel_tele_altar,
          serial_shops, nicolae_shop_behind_doors,
          chequers_serial_rivers_micro_d, uniq_grinder
D:4:      layout_gridville, nicolae_qazlal_eye_of_the_storm, minmay_checkerbox
D:5:      layout_cave_pods, uniq_prince_ribbit1

Skill      XL: |  1  2  3  4  5  6  7  8 |
---------------+-------------------------+-----
Axes           | 3 4 5 6 7 |  7.1
Throwing       | 1 2 3 |  3.6
Fighting       | 4 5 |  5.9
Armour         | 4 5 |  5.9
Shields        | 4 5 |  5.8

Action                     |  1- 3 |  4- 6 |  7- 9 || total
---------------------------+-------+-------+-------++-------
  Melee: War axe           |    74 |    48 |    69 ||   191
         Headbutt          |    14 |     7 |    19 ||    40
  Throw: Boomerang         |       |     5 |     8 ||    13
    Use: Scroll            |    10 |     4 |     2 ||    16
         Potion            |       |       |     1 ||     1
 Armour: Scale mail        |    16 |       |       ||    16
         Chain mail        |    11 |    32 |       ||    43
         Plate armour      |       |       |    61 ||    61
  Dodge: Dodged            |    39 |    21 |    15 ||    75
  Block: Buckler           |    22 |     7 |    19 ||    48

Table legend: (Time is in decaauts)
 A = Elapsed time spent in this place.
 B = Non-inter-level travel time spent in this place.
 C = Inter-level travel time spent in this place.
 D = Time resting spent in this place.
 E = Time spent auto-exploring this place.
 F = Levels seen in this place.
 G = Mean time per level.
                   A        B        C        D        E       F      G
               +--------+--------+--------+--------+--------+-----+--------+
         Total |   3282 |   3135 |    147 |    245 |   1957 |   5 |  656.4 |
       Dungeon |   3282 |   3135 |    147 |    245 |   1957 |   5 |  656.4 |
               +--------+--------+--------+--------+--------+-----+--------+

Top non-repeatable levels by time:
     D:3: 1045 daAuts
     D:4: 747 daAuts
     D:1: 550 daAuts
     D:5: 478 daAuts
     D:2: 460 daAuts
